 Dungeon Crawl Stone Soup version 0.28-a0-732-g75e6d9beac (webtiles) character file.

Game seed: 14587597740048974067

411586 Johnny the Human Blade (level 24, -1/206 HPs)
             Began as a Human Berserker on Oct 29, 2021.
             Was a High Priest of Trog.
             Slain by a vampire knight (23 damage)
             ... on level 1 of the Crypt.
             The game lasted 01:05:23 (50681 turns).

Johnny the Human Blade (Human Berserker)           Turns: 50681, Time: 01:05:24

Health: -1/206     AC: 30    Str: 30    XL:     24   Next: 65%
Magic:  32/32      EV: 26    Int:  8    God:    Trog [*****.]
Gold:   90         SH:  0    Dex: 20    Spells: 23/23 levels left

rFire   + + +      SeeInvis .   E - +6 triple sword (vorpal)
rCold   . . .      Faith    .   (shield currently unavailable)
rNeg    + . .      Spirit   .   J - +4 troll leather armour
rPois   .          Reflect  .   L - +3 helmet of Dishonesty {Dex+7}
rElec   +          Harm     .   O - +1 cloak
rCorr   +          Rampage  +   B - +2 pair of gloves of Kawk {rN+}
Will    +++..                   x - +2 pair of boots {rampage}
Stlth   +++.......              C - amulet of the acrobat
HPRegen 2.44/turn               e - ring "Tuyxki Tatu" {rCorr AC+4 Dex+4 Stlth+}
MPRegen 0.23/turn               I - ring "Kycwi" {rElec rF+++ MP+9 Dex-3 Stlth+}

@: confused, ambrosia-drunk, strong-willed, on berserk cooldown, regenerating,
slowed, studying Throwing, very slow
A: hooves 1, mutation resistance 1
}: 2/15 runes: barnacled, gossamer
a: Renounce Religion, Berserk, Trog's Hand, Brothers in Arms


You were on level 1 of the Crypt.
You worshipped Trog.
Trog was extremely pleased with you.
You visited 10 branches of the dungeon, and saw 40 of its levels.
You visited the Abyss 2 times.
You also visited: Ossuary, Wizlab and Desolation.

You collected 4188 gold pieces.
You spent 4098 gold pieces at shops.

Inventory:

Hand Weapons
 m - a +9 antimagic demon blade
 n - a +4 eudemon blade of holy wrath
 E - a +6 vorpal triple sword (weapon)
Missiles
 D - 5 throwing nets (quivered)
Armour
 d - the +4 chain mail of Izazoleh {*Slow rF+++ rN+++ Int-3}
   (You found it on level 2 of the Vaults)

   Int:       It affects your intelligence (-3).
   rF:        It renders you almost immune to fire.
   rN:        It renders you almost immune to negative energy.
   *Slow:     It may slow you when you take damage.
 t - a +5 chain mail of poison resistance
 x - a +2 pair of boots of rampaging (worn)
 B - the +2 pair of gloves of Kawk (worn) {rN+}
   (You found it on level 7 of the Dungeon)

   rN:        It protects you from negative energy.
 J - a +4 troll leather armour (worn)
 L - the +3 helmet of Dishonesty (worn) {Dex+7}
   (You bought it in a shop on level 2 of the Orcish Mines)

   Dex:       It affects your dexterity (+7).
 O - a +1 cloak (worn)
Jewellery
 e - the ring "Tuyxki Tatu" (left hand) {rCorr AC+4 Dex+4 Stlth+}
   (You found it in the Desolation of Salt)

   [ring of protection]

   AC:        It affects your AC (+4).
   Dex:       It affects your dexterity (+4).
   rCorr:     It protects you from acid and corrosion.
   Stlth:     It makes you more stealthy.
 z - the necklace of Bloodlust {*Rage Will++ Int-3 Slay+6}
   (You found it on level 4 of the Shoals)

   [amulet of nothing]

   It extends the wearer's berserk rage when killing foes.
   Int:       It affects your intelligence (-3).
   Slay:      It affects your accuracy & damage with ranged weapons and melee
   (+6).
   *Rage:     It berserks you when you make melee attacks (+50% chance).
   Will:      It greatly increases your willpower.
 C - an amulet of the acrobat (around neck)
 I - the ring "Kycwi" (right hand) {rElec rF+++ MP+9 Dex-3 Stlth+}
   (You bought it in a shop on level 1 of the Vaults)

   [ring of magical power]

   Dex:       It affects your dexterity (-3).
   rF:        It renders you almost immune to fire.
   rElec:     It insulates you from electricity.
   MP:        It affects your magic capacity (+9).
   Stlth:     It makes you more stealthy.
 Q - a ring of resist corrosion
 Y - a ring of protection from cold
Wands
 g - a wand of digging (5)
 N - a wand of acid (2)
 T - a wand of charming (11)
Scrolls
 a - 3 scrolls of silence
 f - 9 scrolls of identify
 l - 7 scrolls of holy word
 q - 7 scrolls of immolation
 r - 8 scrolls of noise
 s - a scroll of blinking
 F - 5 scrolls of magic mapping
 P - 4 scrolls of teleportation
 W - 3 scrolls of vulnerability
 X - 2 scrolls of enchant armour
 Z - 4 scrolls of fog
Potions
 b - 7 potions of brilliance
 c - 7 potions of haste
 h - 5 potions of lignification
 j - 7 potions of berserk rage
 k - 9 potions of cancellation
 u - 2 potions of ambrosia
 v - a potion of mutation
 w - 4 potions of magic
 A - 6 potions of flight
 G - 7 potions of might
 U - a potion of resistance
Miscellaneous
 i - a condenser vane
 o - a tin of tremorstones (2/2)
 H - a phantom mirror
 R - a box of beasts
 S - a lightning rod (4/4)
 V - a phial of floods


   Skills:
 + Level 20.8 Fighting
 + Level 23.8 Long Blades
 + Level 18.8 Armour
 + Level 18.8 Dodging


You had 23 spell levels left.
You didn't know any spells.
Your spell library was empty.

Dungeon Overview and Level Annotations

Branches:
Dungeon (15/15)            Temple (0/1) D:7            Lair (6/6) D:8
 Shoals (4/4) Lair:4       Spider (4/4) Lair:3        Slime (1/5) Lair:5
    Orc (2/2) D:10            Elf (3/3) Orc:2        Vaults (3/5) D:13
  Crypt (1/3) Vaults:2     Depths (1/4) D:15        Ossuary (visited)
 WizLab (visited)         Desolation (visited)

Altars:
Cheibriados
Elyvilon
Kikubaaqudgha
Wu Jian
Beogh
Jiyva

Shops:
D:1 [   D:9 [   Orc:1 =   Orc:2 [(![   Elf:2 !   Elf:3 [   Shoals:1 ?
Vaults:1 =   Vaults:2 (

Portals:
Trove: D:13 (give +2 shadow dragon scales)

Annotations:
D:6 2 transporters, fly's ghost, novice FoDe
Shoals:1 Ekhledargh's ghost, adept HuWn; Essalna's ghost, adept GrFE; Lekart's ghost, adept DrAK
Shoals:3 2 runed translucent doors, Yvvy's ghost, adept HaHu
Elf:2 5 runed translucent doors
Vaults:3 3 runed translucent doors, Asterion; Jory; tensugalgo's ghost, adept DrWz


Innate Abilities, Weirdness & Mutations

You have large cloven feet.
You are somewhat resistant to further mutation.


Message History

Something draws strength from your injuries!
The titan simulacrum hits you! The titan simulacrum freezes you!!
You are too injured to fight recklessly!
You are too injured to fight recklessly!
You slice the titan simulacrum!!
The titan simulacrum is severely damaged.
Something hits you! Something bites you but does no damage.
A phantasmal warrior comes into view.
Something hits you! Something bites you but does no damage.
The titan simulacrum hits you!!
* * * LOW HITPOINT WARNING * * *
The titan simulacrum freezes you!!!
* * * LOW HITPOINT WARNING * * *
A phantasmal warrior comes into view.
The phantasmal warrior gestures at you.
The phantasmal warrior blinks!
Something barely misses you. Something bites you but does no damage.
Blink to where?
Press: ? - help, Dir - move target
As you read the scroll of blinking, it crumbles to dust.
The phantasmal warrior gestures at you.
The phantasmal warrior blinks!
Something barely misses you. Something completely misses you.
Something completely misses you. x2; Something hits you!
* * * LOW HITPOINT WARNING * * *
Something bites you.
* * * LOW HITPOINT WARNING * * *
Something draws strength from your injuries!
The phantasmal warrior gestures at you.
The phantasmal warrior blinks!
Something closely misses you. Something completely misses you.
Something closely misses you. Something bites you but does no damage.
Okay, then.
You are confused.
You feel invigorated. Something hits you.
* * * LOW HITPOINT WARNING * * *
Something misses you. The phantasmal warrior gestures at you.
The phantasmal warrior blinks!
Something hits you!!
You die...

#. ... #.......# .##.. .......#
## . ..#.# ......# ... ..#
#.#.# .....# #.#. ....
#.#.######### .... .....
#..#.#.#......W####.####.#.####
#...........†)§..§.............
##.#.#.#.###<#.####..........##
#...#.#.###[#@# #.....###...#
###.#.#.#...#+####...........#
#.#.#..!#.........W......$..
###.#...........#....Z....#
#.....#.......#....#(...#
#...........###....#)§..#
#.....###.### ###.##....#
#.....#.. #'# #.##...Z#
#.###.####... #..#....#


You could see a phantasmal warrior.

Vanquished Creatures
  Mara (Vaults:2)
  Mennas (Vaults:3)
  Nikola (Vaults:3)
  A lich (Crypt:1)
  Mlioglotl (Spider:3)
  A deep elf blademaster (Elf:3)
  A kraken (Shoals:3)
  3 sphinxes
  The ghost of MirrMurr the Imperceptible, an adept SpEn of Dithmenos (Elf:1)
  4 ancient champions
  2 deep elf master archers (Elf:3)
  A tengu reaver (Vaults:2)
  Ilsuiw (Shoals:3)
  A fire giant (Vaults:1)
  8 ghost moths
  3 revenants
  Aizul (Spider:4)
  9 vault wardens
  4 deep elf sorcerers
  2 frost giants
  An orc warlord (Orc:2)
  An imperial myrmidon (Desolation)
  3 emperor scorpions (Spider:4)
  4 deep elf elementalists
  A caustic shrike zombie (Crypt:1)
  4 ironbound preservers
  A spectral caustic shrike (WizLab)
  4 ghouls (Crypt:1)
  The ghost of paps the Stickfighter, a journeyman DsGl of Okawaru (Orc:2)
  2 war gargoyles
  7 very ugly things
  4 deep elf demonologists (Elf:3)
  10 deep elf annihilators (Elf:3)
  4 halazid warlocks (WizLab)
  The ghost of Johnny the Warrior, a journeyman HuBe of Trog (Orc:1)
  Azrael (Spider:1)
  4 dire elephants (Vaults:1)
  6 entropy weavers
  2 spark wasps (Spider:4)
  12 deep elf death magi
  7 merfolk javelineers
  10 yaktaur captains
  3 quicksilver dragon zombies (WizLab)
  A crystal guardian (Desolation)
  2 jiangshi
  A fire dragon (Lair:6)
  2 deep elf high priests (Elf:3)
  2 eidola (WizLab)
  10 merfolk impalers
  4 ragged hierophants (Desolation)
  Erolcha (D:10)
  7 ironbound thunderhulks
  6 servants of whispers (Desolation)
  Harold (D:8)
  7 peacekeepers
  5 boulder beetles
  5 centaur warriors
  Fannar (D:11)
  14 two-headed ogres
  3 satyrs
  2 catoblepae
  3 ironbound frosthearts (Vaults:2)
  An ogre mage (D:15)
  3 death knights
  10 hydras
  4 alligator snapping turtles
  3 merfolk avatars (Shoals:4)
  A death scarab (Spider:1)
  2 merfolk aquamancers
  A titan zombie (WizLab)
  11 death yaks
  2 tengu warriors
  3 vampire magi
  8 dancing weapons
  2 hell hogs (Abyss:2)
  A thrashing horror (Abyss:2)
  10 deep elf knights
  2 soul eaters (Vaults:2)
  A titan skeleton (D:15)
  2 shadow wraiths
  2 sun demons (Shoals:4)
  2 sixfirhies (Abyss:2)
  A golden dragon zombie (D:15)
  20 sea snakes
  11 skeletal warriors
  A glowing orange brain (Vaults:3)
  15 ironbound convokers
  13 deep trolls
  5 flayed ghosts
  2 bog bodies (Crypt:1)
  8 phantasmal warriors
  Pikel (D:4)
  26 deep elf zephyrmancers
  9 wizards
  6 lindwurms
  A tengu zombie (Vaults:2)
  26 harpies
  9 deep elf archers
  3 orc knights
  4 necromancers
  4 orc sorcerers
  32 deep elf pyromancers
  13 orb spiders
  A golden dragon skeleton (D:15)
  23 wolf spiders
  A tengu skeleton (Vaults:2)
  2 spectral spriggans (WizLab)
  15 manticores
  38 ugly things
  5 cyclopes
  6 moths of wrath
  2 black mambas (Lair:5)
  9 fauns
  8 merfolk sirens
  An apocalypse crab (Abyss:2)
  4 guardian serpents (Desolation)
  10 elephants
  10 vault sentinels
  11 water nymphs
  3 orange demons (Abyss:2)
  3 gargoyles
  3 torpor snails
  Maggie (D:8)
  An elf skeleton (Vaults:2)
  A kobold demonologist (D:13)
  3 molten gargoyles
  2 rime drakes
  3 unseen horrors
  12 cane toads
  11 demonic crawlers
  23 yaktaurs
  A tormentor (Abyss:2)
  An efreet (D:14)
  2 entropy weaver simulacra (Spider:1)
  A ghost moth simulacrum (Spider:1)
  14 komodo dragons
  A tengu conjurer (D:14)
  A spectral harpy (WizLab)
  4 freezing wraiths
  23 merfolk
  7 trolls
  An ancient zyme (Abyss:2)
  37 jumping spiders
  5 wind drakes
  A harpy zombie (WizLab)
  2 wolf spider simulacra (Spider:1)
  40 saltlings
  4 polar bears
  9 snapping turtles
  24 blink frogs
  A boulder beetle zombie (Crypt:1)
  17 dream sheep
  9 hornets
  3 spriggan zombies
  11 slime creatures
  11 water elementals
  A centaur simulacrum (D:14)
  17 flying skulls
  An ice dragon skeleton (Crypt:1)
  2 ynoxinuls (Abyss:2)
  60 redbacks
  A shadow (D:12)
  4 air elementals
  4 basilisks (Lair:6)
  A large abomination (Abyss:2)
  34 tarantellas
  12 wyverns
  9 fire elementals
  22 yaks
  9 wraiths
  2 steam dragons
  13 vampire mosquitoes
  A neqoxec (Abyss:2)
  2 emperor scorpion simulacra (Spider:1)
  9 wargs
  5 hell hounds
  10 water moccasins
  2 floating eyes (D:10)
  30 orc warriors
  2 small abominations
  2 ice beasts (D:6)
  3 necrophages
  20 wolves
  14 ogres
  16 centaurs
  An elephant skeleton (Crypt:1)
  2 phantoms
  An elf zombie (Ossuary)
  10 bullfrogs
  A scorpion (D:6)
  Dowan (D:7)
  A bullfrog (shapeshifter) (D:14)
  A draconian skeleton (Crypt:1)
  3 earth elementals
  A gnoll sergeant (D:8)
  A human skeleton (Vaults:2)
  A wyvern skeleton (D:6)
  A water moccasin skeleton (D:5)
  10 wights
  7 howler monkeys
  5 lava snakes (Lair:6)
  2 centaur zombies
  5 human zombies (Ossuary)
  2 quasits (Abyss:2)
  2 bullfrog skeletons
  A hound (D:7)
  A human simulacrum (Vaults:2)
  A jelly (D:5)
  24 orc priests
  Crazy Yiuf (D:7)
  A gnoll shaman (D:5)
  An iron imp (Abyss:2)
  A scorpion zombie (D:5)
  3 iguanas
  16 orc wizards
  2 mummies (Ossuary)
  2 hound zombies (D:5)
  2 howler monkey skeletons
  A howler monkey zombie (D:9)
  4 adders
  8 gnolls
  A white imp (D:5)
  An ufetubus (Abyss:2)
  An adder zombie (Ossuary)
  2 worms
  A dart slug (D:2)
  90 orcs
  9 endoplasms
  6 giant cockroaches
  4 goblins
  11 hobgoblins
  3 jackals (D:4)
  4 quokkas
  4 ball pythons (D:1)
  9 bats
  3 frilled lizards
  A goblin zombie (Ossuary)
  7 hobgoblin zombies (Ossuary)
  A jackal zombie (Ossuary)
  5 kobolds
  9 kobold zombies (Ossuary)
  9 orc zombies (Ossuary)
  9 rats
  A rat zombie (Ossuary)
1566 creatures vanquished.

Vanquished Creatures (collateral kills)
  A deep elf blademaster (Elf:2)
  The ghost of Pasul the Earth Mage, an adept GrEE of Vehumet (Spider:1)
  An emperor scorpion (Spider:3)
  A ghost moth (Spider:4)
  An entropy weaver (Spider:3)
  A vampire knight (Vaults:2)
  A spark wasp (Spider:3)
  2 crystal guardians (Desolation)
  2 merfolk impalers
  2 great orbs of eyes
  A yaktaur captain (Vaults:2)
  2 ironbound frosthearts (Vaults:3)
  A vault guard (D:13)
  A centaur warrior (Vaults:1)
  A dancing weapon (Elf:1)
  2 two-headed ogres (D:10)
  A hell hog (Abyss:4)
  An orc high priest (Elf:3)
  A deep elf knight (Elf:3)
  A spectral emperor scorpion (Spider:1)
  An ironbound convoker (Vaults:2)
  A harpy (Vaults:1)
  2 orb spiders
  3 ugly things
  A cyclops (D:13)
  4 wolf spiders
  7 yaktaurs
  5 demonic crawlers
  3 merfolk (Shoals:3)
  A troll (D:10)
  4 jumping spiders
  2 blink frogs (Lair:5)
  3 saltlings (Desolation)
  A dream sheep (Shoals:3)
  A water elemental (Elf:1)
  3 tarantellas
  A yak (Lair:5)
  14 redbacks
  2 wraiths (D:10)
  A vampire mosquito (Spider:1)
  An acid dragon (D:10)
  5 orc warriors
  A centaur (D:10)
  3 wolves (Lair:5)
  A killer bee (D:10)
  2 orc priests
  2 orc wizards (D:10)
  3 orcs (Orc:2)
103 creatures vanquished.

Vanquished Creatures (others)
  A red draconian (Abyss:2)
  An ironbound thunderhulk (Vaults:3)
  2 wizards
  An ironbound convoker (Vaults:3)
  A deep elf zephyrmancer (Elf:1)
  A merfolk (Shoals:3)
  A jumping spider (Spider:3)
  Duvessa (D:7)
  A killer bee (Abyss:2)
  3 orc wizards
  22 fungi
  126 plants
  17 tentacles (Shoals:3)
  A withered plant (D:15)
179 creatures vanquished.

Grand Total: 1848 creatures vanquished

Notes
Turn   | Place    | Note
-------+----------+-------------------------------------------
     0 | D:1      | Johnny the Human Berserker began the quest for the Orb.
     0 | D:1      | Reached XP level 1. HP: 18/18 MP: 1/1
   560 | D:1      | Found Jazut's Antique Armour Emporium.
   597 | D:1      | Reached XP level 2. HP: 24/24 MP: 2/2
  1146 | D:1      | Reached skill level 4 in Long Blades
  1146 | D:1      | Reached XP level 3. HP: 26/29 MP: 3/3
  1225 | D:1      | Reached ** piety under Trog
  1330 | D:1      | Found a faded altar of an unknown god.
  1860 | D:2      | Reached XP level 4. HP: 35/35 MP: 4/4
  2035 | D:2      | Reached skill level 5 in Long Blades
  2860 | D:3      | Found a snail-covered altar of Cheibriados.
  3383 | D:4      | Reached XP level 5. HP: 41/41 MP: 5/5
  4179 | D:4      | Noticed an ogre
  4185 | D:4      | Killed an ogre
  4186 | D:4      | Reached skill level 6 in Long Blades
  4186 | D:4      | Reached XP level 6. HP: 42/47 MP: 6/6
  4344 | D:4      | Reached skill level 7 in Long Blades
  4500 | D:4      | Noticed Pikel
  4515 | D:4      | Killed Pikel
  4516 | D:4      | Reached skill level 9 in Long Blades
  4516 | D:4      | Reached XP level 7. HP: 52/52 MP: 7/7
  4516 | D:4      | Reached XP level 8. HP: 58/58 MP: 8/8
  4857 | D:5      | Entered Level 5 of the Dungeon
  5228 | D:5      | Reached *** piety under Trog
  5593 | D:5      | Reached skill level 10 in Long Blades
  5763 | D:5      | Found an ornate altar of the Wu Jian Council.
  6128 | D:6      | Found a sand-covered staircase.
  6146 | Ossuary  | Entered an ossuary
  6337 | Ossuary  | Reached XP level 9. HP: 65/65 MP: 9/9
  6378 | Ossuary  | Reached **** piety under Trog
  6667 | D:6      | Found a transporter.
  6690 | D:6      | Noticed fly's ghost (novice FoDe)
  6696 | D:6      | Found a transporter.
  6757 | D:6      | Reached skill level 5 in Fighting
  6757 | D:6      | Reached skill level 11 in Long Blades
  7594 | D:7      | Noticed Duvessa
  7599 | D:7      | Noticed Dowan
  7624 | D:7      | Killed Duvessa
  7629 | D:7      | Killed Dowan
  7665 | D:7      | Found a staircase to the Ecumenical Temple.
  7708 | D:7      | Noticed a purple ugly thing
  7724 | D:7      | Killed a purple ugly thing
  7725 | D:7      | Reached skill level 12 in Long Blades
  7725 | D:7      | Reached XP level 10. HP: 76/76 MP: 10/10
  7920 | D:7      | Identified the +2 pair of gloves of Kawk {rN+}
  7935 | D:7      | Identified the +1 dagger of Qehuro {vorpal, Int+4}
  8204 | D:7      | Found a runed translucent door.
  8205 | D:7      | Noticed Crazy Yiuf
  8277 | D:7      | Killed Crazy Yiuf
  8357 | D:8      | Noticed Maggie
  8436 | D:8      | Killed Maggie
  8703 | D:8      | Found a staircase to the Lair.
  8746 | D:8      | Reached skill level 13 in Long Blades
  8972 | D:8      | Noticed Harold
  8988 | D:8      | Killed Harold
  9568 | D:9      | Noticed a two-headed ogre
  9590 | D:9      | Killed a two-headed ogre
  9821 | D:9      | Reached XP level 11. HP: 76/86 MP: 11/11
  9847 | D:9      | Reached skill level 14 in Long Blades
 10127 | D:9      | Found a white marble altar of Elyvilon.
 10209 | D:9      | Found Neuc's Armour Shoppe.
 10590 | D:10     | Entered Level 10 of the Dungeon
 10748 | D:10     | Noticed a two-headed ogre
 10757 | D:10     | Killed a two-headed ogre
 10831 | D:10     | Noticed a two-headed ogre
 10841 | D:10     | Killed a two-headed ogre
 10851 | D:10     | Reached skill level 15 in Long Blades
 10860 | D:10     | Noticed a two-headed ogre
 10869 | D:10     | Killed a two-headed ogre
 10894 | D:10     | Noticed a two-headed ogre
 10900 | D:10     | Killed a two-headed ogre
 11267 | D:10     | Found a staircase to the Orcish Mines.
 11927 | D:10     | Noticed Erolcha
 11941 | D:10     | Killed Erolcha
 11942 | D:10     | Reached XP level 12. HP: 97/97 MP: 12/12
 12165 | D:11     | Noticed a two-headed ogre
 12179 | D:11     | Killed a two-headed ogre
 12180 | D:11     | Reached skill level 10 in Fighting
 12180 | D:11     | Reached skill level 16 in Long Blades
 12270 | D:11     | Noticed a two-headed ogre
 12277 | D:11     | Killed a two-headed ogre
 12331 | D:11     | Noticed Fannar
 12341 | D:11     | Killed Fannar
 12955 | D:11     | Noticed a two-headed ogre
 12962 | D:11     | Killed a two-headed ogre
 13188 | D:12     | Noticed a two-headed ogre
 13328 | D:12     | Killed a two-headed ogre
 13612 | D:12     | Reached XP level 13. HP: 106/106 MP: 13/13
 13725 | D:13     | Noticed a catoblepas
 13757 | D:13     | Killed a catoblepas
 13758 | D:13     | Reached skill level 5 in Armour
 13758 | D:13     | Reached skill level 5 in Dodging
 13834 | D:13     | Noticed a centaur warrior
 13857 | D:13     | Killed a centaur warrior
 14234 | D:13     | Noticed a cyan very ugly thing
 14248 | D:13     | Killed a cyan very ugly thing
 14249 | D:13     | Reached skill level 17 in Long Blades
 14263 | D:13     | Noticed a vault guard
 14277 | D:13     | Killed a vault guard
 14315 | D:13     | Found a gate to the Vaults.
 14392 | D:13     | Found a portal to a secret trove of treasure.
 14558 | D:14     | Found an ancient bone altar of Kikubaaqudgha.
 14886 | D:14     | Noticed a centaur warrior
 14886 | D:14     | Noticed a four-headed hydra
 14887 | D:14     | Noticed a sphinx
 14894 | D:14     | Killed a centaur warrior
 14898 | D:14     | Killed a one-headed hydra
 14899 | D:14     | Noticed a sphinx
 14903 | D:14     | Killed a sphinx
 14927 | D:14     | Killed a sphinx
 14928 | D:14     | Reached XP level 14. HP: 62/115 MP: 14/14
 14972 | D:14     | Identified the +8 hand axe of Corruption {spect, Fragile
                  | rF+ rN+ Dex+3}
 14973 | D:14     | Identified the +3 falchion of Ignis's Fury {protect, Will+
                  | Str+3}
 16023 | Lair:1   | Entered Level 1 of the Lair of Beasts
 17175 | Lair:2   | Identified the +0 ring mail of Hubris {Will- Regen+ Dex+4
                  | Slay+3}
 17623 | Lair:3   | You fall into a shaft and drop 3 floors!
 17623 | Lair:6   | Entered Level 6 of the Lair of Beasts
 17651 | Lair:6   | Reached skill level 18 in Long Blades
 17819 | Lair:6   | Reached XP level 15. HP: 84/124 MP: 15/15
 18169 | Lair:5   | Reached ***** piety under Trog
 18784 | Lair:3   | Found a hole to the Spider Nest.
 19067 | Lair:3   | Reached skill level 10 in Armour
 19067 | Lair:3   | Reached skill level 10 in Dodging
 19936 | Spider:1 | Entered Level 1 of the Spider Nest
 20132 | Lair:4   | Found a staircase to the Shoals.
 20826 | Lair:5   | Found a viscous altar of Jiyva.
 20826 | Lair:5   | Found a staircase to the Slime Pits.
 21414 | Slime:1  | Entered Level 1 of the Pits of Slime
 21497 | Lair:6   | Reached XP level 16. HP: 133/133 MP: 16/16
 21885 | Lair:6   | Found a large runed translucent door.
 21885 | Lair:6   | Found a large runed translucent door.
 22269 | Orc:1    | Entered Level 1 of the Orcish Mines
 22318 | Orc:1    | Found Oppoob's Jewellery Shoppe.
 22464 | Orc:1    | Found a runed translucent door.
 22464 | Orc:1    | Noticed Johnny's ghost (journeyman HuBe)
 22492 | Orc:1    | Killed Johnny's ghost
 22509 | Orc:1    | Identified the -3 kite shield of Leaves {Fly rElec Will+}
 22854 | Orc:1    | Received a gift from Trog
 22998 | Orc:2    | Entered Level 2 of the Orcish Mines
 23118 | Orc:2    | Found a staircase to the Elven Halls.
 23185 | Orc:2    | Found Lyebbur's Armour Boutique.
 23222 | Orc:2    | Bought the +3 helmet of Dishonesty {Dex+7} for 659 gold
                  | pieces
 23283 | Orc:2    | Found a large runed translucent door.
 23283 | Orc:2    | Found a large runed translucent door.
 23285 | Orc:2    | Noticed paps's ghost (journeyman DsGl)
 23635 | Orc:2    | Received a gift from Trog
 23639 | Orc:2    | Reached skill level 19 in Long Blades
 23765 | Orc:2    | Killed paps's ghost
 24075 | Orc:2    | Found Ukoenim's Antique Armour Emporium.
 24077 | Orc:2    | Found Ydeuroc's Antique Weapon Shoppe.
 24110 | Orc:2    | Bought a runed cloak for 240 gold pieces
 24283 | Orc:2    | Found Pagoorgh's Distillery.
 24354 | Orc:2    | Bought 2 potions of curing for 90 gold pieces
 24354 | Orc:2    | Bought a potion of lignification for 45 gold pieces
 24354 | Orc:2    | Bought a potion of heal wounds for 75 gold pieces
 24354 | Orc:2    | Bought a potion of resistance for 150 gold pieces
 24354 | Orc:2    | Bought a potion of cancellation for 120 gold pieces
 24529 | D:15     | Entered Level 15 of the Dungeon
 24651 | D:15     | Found a staircase to the Depths.
 25192 | D:15     | Reached skill level 15 in Fighting
 25483 | D:15     | Reached XP level 17. HP: 81/142 MP: 5/17
 25652 | Depths:1 | Entered Level 1 of the Depths
 25814 | Elf:1    | Entered Level 1 of the Elven Halls
 25901 | Elf:1    | Found a magical portal.
 25921 | WizLab   | Entered Borgnjor's Mausoleum
 26055 | WizLab   | Noticed an ancient champion
 26071 | WizLab   | Killed an ancient champion
 26304 | WizLab   | Noticed an ancient champion
 26337 | WizLab   | Killed an ancient champion
 26963 | WizLab   | Noticed an ancient champion
 26984 | WizLab   | Killed an ancient champion
 27512 | Elf:1    | Reached skill level 20 in Long Blades
 27627 | Elf:1    | Paralysed by an air elemental for 1 turns
 27668 | Elf:1    | Paralysed by an air elemental for 1 turns
 27690 | Elf:1    | Found a runed translucent door.
 28054 | Elf:1    | Noticed MirrMurr's ghost (adept SpEn)
 28094 | Elf:1    | Killed MirrMurr's ghost
 28095 | Elf:1    | Reached XP level 18. HP: 93/151 MP: 6/18
 28146 | Elf:2    | Cast into level 2 of the Abyss (a deep elf sorcerer)
 28666 | Abyss:2  | Gained mutation: Your muscles are strong. (Str +2) [a
                  | neqoxec]
 28671 | Abyss:2  | Gained mutation: You tend to lose your temper in combat. [a
                  | neqoxec]
 28706 | Elf:2    | Escaped the Abyss
 29019 | Elf:2    | Found a huge runed translucent gate.
 29019 | Elf:2    | Found a huge runed translucent gate.
 29049 | Elf:2    | Found a huge runed translucent gate.
 29214 | Elf:2    | Found Lithosk's Distillery.
 29716 | Elf:2    | Found a huge runed translucent gate.
 29716 | Elf:2    | Found a huge runed translucent gate.
 29780 | Elf:3    | Entered Level 3 of the Elven Halls
 29856 | Elf:3    | Noticed a deep elf blademaster
 29883 | Elf:2    | Killed a deep elf blademaster
 30149 | Elf:3    | Found Zelekan's Antique Armour Shoppe.
 30250 | Elf:3    | Bought a pair of embroidered boots for 142 gold pieces
 30250 | Elf:3    | Bought a pair of embroidered boots for 142 gold pieces
 30250 | Elf:3    | Bought a heavily runed scale mail for 171 gold pieces
 30250 | Elf:3    | Identified the +7 scale mail of Qaifoik {Fly} (You bought
                  | it in a shop on level 3 of the Elven Halls)
 30381 | Elf:3    | Noticed a Tzitzimitl
 30386 | Elf:3    | Noticed an Ice Fiend
 30512 | Elf:3    | Noticed a deep elf master archer
 30525 | Elf:3    | Killed a deep elf master archer
 30609 | Elf:3    | Noticed a deep elf master archer
 30622 | Elf:2    | Bought a potion of heal wounds for 95 gold pieces
 30622 | Elf:2    | Bought a potion of flight for 57 gold pieces
 30622 | Elf:2    | Bought a potion of cancellation for 152 gold pieces
 30622 | Elf:2    | Bought a potion of curing for 57 gold pieces
 30622 | Elf:2    | Bought 2 potions of might for 152 gold pieces
 30622 | Elf:2    | Bought a potion of might for 76 gold pieces
 30622 | Elf:2    | Bought 2 potions of curing for 114 gold pieces
 30622 | Elf:2    | Bought a potion of curing for 57 gold pieces
 30622 | Elf:2    | Bought a potion of cancellation for 152 gold pieces
 30643 | Elf:3    | Killed a deep elf master archer
 30784 | Elf:3    | Reached XP level 19. HP: 159/159 MP: 6/19
 30873 | Elf:3    | Identified the ring "Faomok" {rN+ MP+9 Str+4 Int+3}
 30990 | Elf:3    | Identified the +0 scale mail of Perpetual Drought {Dex+3}
 30990 | Elf:3    | Noticed a deep elf blademaster
 31094 | Elf:3    | Paralysed by an air elemental for 1 turns
 31285 | Elf:3    | Killed a deep elf blademaster
 31539 | Elf:3    | Received a gift from Trog
 31611 | Elf:3    | Reached ****** piety under Trog
 31617 | Elf:3    | Reached skill level 21 in Long Blades
 31617 | Elf:3    | Reached XP level 20. HP: 168/168 MP: 6/20
 31618 | Elf:3    | Lost mutation: You tend to lose your temper in combat.
                  | [potion of mutation]
 31618 | Elf:3    | Gained mutation: Potions are less effective at restoring
                  | your health. [potion of mutation]
 31618 | Elf:3    | Gained mutation: You have large cloven feet. [potion of
                  | mutation]
 31618 | Elf:3    | Gained mutation: Your mind is acute. (Int +2) [potion of
                  | mutation]
 31619 | Elf:3    | Lost mutation: Potions are less effective at restoring your
                  | health. [potion of mutation]
 31619 | Elf:3    | Lost mutation: Your mind is acute. (Int +2) [potion of
                  | mutation]
 31619 | Elf:3    | Lost mutation: Your muscles are strong. (Str +2) [potion of
                  | mutation]
 31619 | Elf:3    | Gained mutation: You are somewhat resistant to further
                  | mutation. [potion of mutation]
 31965 | Spider:1 | Noticed Azrael
 31980 | Spider:1 | Killed Azrael
 32384 | Spider:1 | Found a transporter.
 32384 | Spider:1 | Noticed Pasul's ghost (adept GrEE)
 32449 | Spider:1 | Found a transporter.
 33230 | Spider:1 | Killed Pasul's ghost
 33245 | Spider:1 | Reached skill level 15 in Dodging
 33247 | Spider:1 | Reached skill level 15 in Armour
 33265 | Spider:1 | Identified the +3 scale mail of Creativity {Dex+6}
 33693 | Spider:2 | Received a gift from Trog
 35209 | Spider:3 | Reached XP level 21. HP: 176/176 MP: 7/21
 35239 | Spider:3 | Noticed Mlioglotl
 35250 | Spider:3 | Noticed a bone dragon
 35948 | Spider:3 | Killed Mlioglotl
 36287 | Spider:4 | Entered Level 4 of the Spider Nest
 37555 | Spider:4 | Received a gift from Trog
 37643 | Spider:4 | Noticed Aizul
 37656 | Spider:4 | Killed Aizul
 38714 | Spider:4 | Got a gossamer rune of Zot
 38934 | Shoals:1 | Entered Level 1 of the Shoals
 39073 | Shoals:1 | Reached skill level 22 in Long Blades
 39624 | Shoals:1 | Found Aliupy's Magic Scroll Boutique.
 39633 | Shoals:1 | Bought a scroll of identify for 26 gold pieces
 39633 | Shoals:1 | Bought a scroll of fog for 26 gold pieces
 39633 | Shoals:1 | Bought a scroll of identify for 26 gold pieces
 39633 | Shoals:1 | Bought a scroll of identify for 26 gold pieces
 39633 | Shoals:1 | Bought a scroll of teleportation for 39 gold pieces
 39633 | Shoals:1 | Bought 2 scrolls of enchant weapon for 195 gold pieces
 39633 | Shoals:1 | Bought a scroll of silence for 97 gold pieces
 39662 | Shoals:1 | Found a runed translucent gate.
 39665 | Shoals:1 | Found a runed translucent gate.
 39666 | Shoals:1 | Found a runed translucent gate.
 39772 | Shoals:1 | Received a gift from Trog
 39933 | Shoals:1 | Noticed Ekhledargh's ghost (adept HuWn)
 39933 | Shoals:1 | Noticed Essalna's ghost (adept GrFE)
 39934 | Shoals:1 | Noticed Lekart's ghost (adept DrAK)
 39957 | Shoals:1 | Cast into level 4 of the Abyss (Lekart's ghost)
 39985 | Abyss:4  | Noticed a bone dragon
 40021 | Abyss:5  | Entered Level 5 of the Abyss
 40074 | Shoals:1 | Escaped the Abyss
 41283 | Shoals:2 | Reached XP level 22. HP: 182/186 MP: 7/22
 41588 | Shoals:3 | Received a gift from Trog
 42279 | Shoals:3 | Noticed Ilsuiw
 42302 | Shoals:4 | Entered Level 4 of the Shoals
 43292 | Shoals:4 | Got a barnacled rune of Zot
 43845 | Shoals:4 | Found the necklace of Bloodlust {*Rage Will++ Int-3 Slay+6}
 44584 | Shoals:3 | Killed Ilsuiw
 44656 | Shoals:3 | Found a large runed translucent door.
 44663 | Shoals:3 | Found a large runed translucent door.
 44666 | Shoals:3 | Noticed Yvvy's ghost (adept HaHu)
 44699 | Shoals:3 | Received a gift from Trog
 45106 | Vaults:1 | Entered Level 1 of the Vaults
 45211 | Vaults:1 | Found a crumbling gateway.
 45233 | Desolati | Entered the Desolation of Salt
 45466 | Desolati | Identified the +5 longbow "Ittuit" {vorpal, rF++ rN+ Dex-5}
 45720 | Desolati | Identified the amulet "Itsoraj" {Faith +Inv}
 45763 | Desolati | Identified the +0 pair of gloves "Taewazel" {rF+}
 45783 | Desolati | Identified the ring "Tuyxki Tatu" {rCorr AC+4 Dex+4 Stlth+}
 45785 | Desolati | Identified the ring "Byssoz" {rCorr Int+4}
 45801 | Desolati | Reached XP level 23. HP: 194/194 MP: 7/23
 45862 | Desolati | Identified the +1 chain mail of Makhleb's Wrath {rN+}
 46254 | Vaults:1 | Found Nemi's Jewellery Boutique.
 46517 | Vaults:1 | Reached skill level 23 in Long Blades
 47448 | Vaults:1 | Identified the +1 ring mail of Divine Intervention {rElec
                  | MP+9}
 47675 | Vaults:2 | Noticed Mara
 47698 | Vaults:2 | Noticed Johnny's illusion
 47708 | Vaults:2 | Killed Mara
 47880 | Vaults:2 | Received a gift from Trog
 48086 | Vaults:2 | You are sucked into a shaft and drop 1 floor!
 48285 | Vaults:3 | Noticed Mennas
 48306 | Vaults:3 | Killed Mennas
 48327 | Vaults:3 | Noticed Nikola
 48344 | Vaults:3 | Killed Nikola
 48419 | Vaults:3 | Found a runed translucent gate.
 48419 | Vaults:3 | Found a runed translucent gate.
 48419 | Vaults:3 | Found a runed translucent gate.
 48419 | Vaults:3 | Noticed tensugalgo's ghost (adept DrWz)
 48419 | Vaults:3 | Identified the +4 chain mail of Danucur {rC+ rN+}
 48489 | Vaults:3 | HP: 9/197 [yaktaur captain/bolt (13)]
 48777 | Vaults:3 | Noticed Jory
 48778 | Vaults:3 | Reached XP level 24. HP: 205/205 MP: 7/23
 48806 | Vaults:3 | Noticed Asterion
 49414 | Vaults:2 | Found Wemockyu's Weapon Shoppe.
 49514 | Vaults:2 | Received a gift from Trog
 49723 | Vaults:2 | Found a staircase to the Crypt.
 49740 | Vaults:2 | Identified the +4 chain mail of Izazoleh {*Slow rF+++ rN+++
                  | Int-3}
 50335 | Vaults:1 | Bought the ring "Kycwi" {rElec rF+++ MP+9 Dex-3 Stlth+} for
                  | 917 gold pieces
 50413 | Crypt:1  | Entered Level 1 of the Crypt
 50670 | Crypt:1  | HP: 5/206 [titan simulacrum[a necromancer] (37)]
 50681 | Crypt:1  | Slain by a vampire knight

Illustrated notes

Levels and vault maps discovered:
D:1:      lemuel_arrival_behind_the_door_large, layout_basic, serial_shops,
          nicolae_diamond_shop, dreamdust_ecumenical_altar_angels_and_demons,
          minmay_misc_feat_pillars, chequers_garden, st_stairs_9
D:2:      layout_loops_ring
D:3:      layout_basic, slow_altar_2
D:4:      layout_basic, nicolae_overflow_hidden_temple,
          kennysheep_generic_room_2, uniq_pikel
D:5:      layout_loops_ring, kennysheep_mini_moat, serial_park_tiny_1,
          kennysheep_generic_room_13
D:6:      layout_basic, nicolae_ossuary_entry_ruins, gammafunk_ghost_arena
D:7:      layout_basic, temple_hall, lemuel_old_faithful, uniq_duvessa,
          uniq_crazy_yiuf_cottage
D:8:      layout_basic, lair_entry_dummy, uniq_harold, uniq_maggie
D:9:      layout_irregular_city, mainiacjoe_overflow_surrounded_room,
          serial_shops, shop
D:10:     layout_roguey, david_orc_2, nrook_campfire, onia_ninara_cookie,
          uniq_erolcha
D:11:     layout_roguey, kennysheep_minor_cross, uniq_fannar
D:12:     layout_rooms, nicolae_underground_beach
D:13:     layout_roguey, david_vaults_5, enter_trove_3
D:14:     layout_grid_maze, nicolae_kikubaaqudgha_miasma_corner, chequers_jeans,
          minmay_fountain_box, minmay_checkered_concentric_circles
D:15:     gammafunk_depths_entry_grave, layout_gridville
Lair:1:   layout_loops_ring, lemuel_fruit_tree
Lair:2:   layout_chaotic_city, nicolae_quartered_pool_super,
          lemuel_fruit_fields, grunt_megastairs_1
Lair:3:   layout_layer_cave, spider_nest_entry_rubble,
          chequers_serial_rivers_small_3, serial_bayou_shore_a,
          grunt_megastairs_3
Lair:4:   layout_regular_city, minmay_shoals_entry_centaurs
Lair:5:   layout_cave_pods, slime_altar_1
Lair:6:   cheibrodos_lair_end_hotspot, layout_cave_shapes, serial_bayou_shore_b
Shoals:1: layout_shoals, gammafunk_ghost_cemetery, serial_shops,
          nicolae_lakefront_shop, argonaut_gorgonesque
Shoals:2: layout_shoals, nicolae_shoals_loop_pool
Shoals:3: layout_shoals, ebering_ghost_disaster_area, uniq_ilsuiw
Shoals:4: shoals_end_simple, layout_shoals, shoal_ilsuiw,
          nicolae_shoals_sun_and_surf
Spider:1: layout_chambers, gammafunk_ghost_mausoleum,
          nicolae_spider_some_kinda_spiderbox, uniq_azrael
Spider:2: nicolae_spider_hall_of_the_moth_king
Spider:3: layout_spider_delve, drop_trap, uniq_mlioglotl
Spider:4: spider_rune_water, uniq_aizul
Slime:1:  layout_caves
Orc:1:    layout_caves, serial_shops, nicolae_shop_waterfront,
          gammafunk_ghost_grave, basic_altar, mines5_lemuel
Orc:2:    grunt_orc_community_town_hall, layout_diamond_mine,
          grunt_orc_community_big_house_1, grunt_orc_community_big_house_1,
          grunt_orc_community_house_3, grunt_orc_community_house_2,
          grunt_orc_community_house_3, grunt_orc_community_house_2,
          grunt_orc_community_house_1, grunt_orc_community_house_1,
          ebering_ghost_disaster_area, nicolae_orc_stony_grotto
Elf:1:    layout_loops_cross, ebering_ghost_reflecting_pool,
          infiniplex_enter_wizlab_glasses, minmay_elf_sorcery,
          lemuel_flamethrower_3
Elf:2:    elven_hall_of_blades_hangedman_alternative
          [nicolae_blade_entry_pointy_end], layout_onion_city, serial_shops,
          nicolae_take_the_stairs, grunt_megastairs_5, uniq_louise
Elf:3:    grunt_elf_hall_spiral, layout_onion_city, serial_shops,
          nicolae_diamond_shop, grunt_ministairs_1, minmay_crystal_room
Vaults:1: portal_desolation_entry_nicolae_nacl, nicolae_vaults_disjoint_gnomons,
          ontoclasm_vaults_shuriken, vaults_mumra_chevron_long,
          vaults_room_pool, nicolae_vaults_circle_grid_a, v_misc_17,
          vaults_room_pool, dpeg_vaults_monster_box, vaults_dpeg_ring,
          v_misc_13, grunt_vaults_focal, ontoclasm_vaults_echo,
          nicolae_vaults_theta, layout_vaults_omnibox, serial_shops,
          nicolae_shop_competitors_out_of_business
Vaults:2: nicolae_vaults_c_with_doors, minmay_crypt_entry_simple_plaza,
          vaults_room_stairs_pillars, v_alt_pattern_2, v_misc_27,
          vaults_mumra_minichess_inversion, v_alt_pattern_2,
          ontoclasm_vaults_misaligned, grunt_vaults_diagonal,
          hangedman_vaults_corner, ontoclasm_vaults_fault,
          ontoclasm_vaults_gateway, ontoclasm_vaults_loading_screen,
          vaults_room_pools, nicolae_vaults_rhombus_5, layout_vaults_omnicross,
          serial_shops, shop, uniq_mara
Vaults:3: biasface_ghost_orc_armoury, ontoclasm_vaults_ligature,
          dpeg_vaults_monster_row, ontoclasm_vaults_loading_screen,
          ontoclasm_vaults_idyll, v_rooms_1, vaults_mumra_hexcomb,
          nicolae_vaults_three_branches, ontoclasm_vaults_chip,
          nicolae_vaults_diagonal_hallway_6, layout_vaults_big_room,
          uniq_mennas, uniq_asterion, uniq_jory, uniq_nikola
Crypt:1:  ragdoll_tomb_raider, layout_basic, nicolae_crypt_soggy_tomb
Depths:1: layout_gridlike, grunt_metal_band, bh_walls_and_bars,
          kennysheep_underground_church, minmay_shop_grove, uniq_saint_roka

Skill      XL: |  1  2  3  4  5  6  7  8  9 10 11 12 13 14 15 16 17 18 19 20 21 22 23 |
---------------+----------------------------------------------------------------------+-----
Long Blades    | 4 5 6 9 10 12 13 15 16 17 18 19 20 21 22 23 | 23.8
Fighting       | 4 6 8 9 11 12 13 14 15 16 17 18 19 20 | 20.8
Armour         | 4 7 9 10 11 13 14 15 16 17 18 | 18.8
Dodging        | 4 7 9 10 11 13 14 15 16 17 18 | 18.8

Action                   |  1- 3 |  4- 6 |  7- 9 | 10-12 | 13-15 | 16-18 | 19-21 | 22-24 || total
-------------------------+-------+-------+-------+-------+-------+-------+-------+-------++-------
Melee: Falchion          |   122 |   132 |   419 |   626 |   179 |       |       |       ||  1478
       Scimitar          |       |       |       |       |   910 |   224 |       |       ||  1134
       Demon blade       |       |       |       |       |       |  1586 |  1322 |  1550 ||  4458
       Triple sword      |       |       |       |       |       |       |       |   325 ||   325
Throw: Throwing net      |       |       |       |     3 |       |     5 |       |       ||     8
Invok: Berserk           |     2 |     4 |     6 |    24 |    22 |    36 |    18 |    23 ||   135
       Trog's Hand       |       |       |     5 |    12 |    15 |    38 |    21 |    24 ||   115
       Brothers in Arms  |       |       |       |     2 |     2 |     7 |     8 |    10 ||    29
Evoke: Wand              |       |     1 |       |       |     4 |     5 |    10 |     3 ||    23
       Condenser vane    |       |       |       |       |       |     1 |     1 |     1 ||     3
       Tin of tremorston |       |       |       |       |       |       |     1 |     2 ||     3
  Use: Scroll            |       |       |     7 |     9 |     9 |    23 |     9 |    21 ||    78
       Potion            |       |       |       |     2 |       |     6 |    14 |    15 ||    37
 Stab: Held in net/web   |       |       |       |     3 |       |     6 |       |       ||     9
       Confused          |       |       |       |       |       |    10 |       |       ||    10
       Invisible         |       |       |       |       |       |     3 |       |    11 ||    14
       Distracted        |       |       |       |       |       |     2 |     3 |       ||     5
       Sleeping          |       |       |       |       |       |       |       |     4 ||     4
Armor: Animal skin       |     6 |       |       |       |       |       |       |       ||     6
       Ring mail         |    46 |    44 |   156 |    13 |       |       |       |       ||   259
       Chain mail        |       |       |       |   172 |       |       |  1121 |    93 ||  1386
       Swamp dragon scal |       |       |       |    18 |       |       |       |       ||    18
       Troll leather arm |       |       |       |   109 |   516 |   637 |    38 |   680 ||  1980
       Skin              |       |       |       |       |       |     5 |       |       ||     5
Dodge: Dodged            |    83 |    75 |   180 |   243 |   729 |  1338 |  1584 |  2179 ||  6411

Table legend: (Time is in decaauts)
 A = Elapsed time spent in this place.
 B = Non-inter-level travel time spent in this place.
 C = Inter-level travel time spent in this place.
 D = Time resting spent in this place.
 E = Time spent auto-exploring this place.
 F = Levels seen in this place.
 G = Mean time per level.
                   A        B        C        D        E       F      G
               +--------+--------+--------+--------+--------+-----+--------+
         Total |  49392 |  47004 |   2388 |   9362 |  26655 |  46 | 1073.7 |
       Dungeon |  17130 |  16084 |   1046 |   2886 |  10336 |  15 | 1142.0 |
          Lair |   6197 |   5758 |    439 |    457 |   4178 |   6 | 1032.8 |
        Shoals |   5583 |   5496 |     87 |   1218 |   3158 |   4 | 1395.8 |
   Spider Nest |   6780 |   6560 |    220 |   1926 |   3442 |   4 | 1695.0 |
    Slime Pits |      1 |      1 |      0 |      0 |      0 |   1 |    1.0 |
  Orcish Mines |   2121 |   1966 |    155 |     96 |   1335 |   2 | 1060.5 |
   Elven Halls |   4094 |   3899 |    195 |    832 |   1802 |   3 | 1364.7 |
        Vaults |   4188 |   3945 |    243 |    969 |   1833 |   3 | 1396.0 |
         Crypt |    205 |    205 |      0 |     38 |      8 |   1 |  205.0 |
        Depths |      1 |      1 |      0 |      0 |      0 |   1 |    1.0 |
         Abyss |    667 |    667 |      0 |    139 |      6 |   3 |  222.3 |
       Ossuary |    407 |    407 |      0 |     77 |    115 |   1 |  407.0 |
        Wizlab |   1159 |   1159 |      0 |    555 |    186 |   1 | 1159.0 |
    Desolation |    852 |    852 |      0 |    166 |    255 |   1 |  852.0 |
               +--------+--------+--------+--------+--------+-----+--------+

Top non-repeatable levels by time:
Spider:4: 2428 daAuts
Shoals:4: 2004 daAuts
Spider:2: 1917 daAuts
Vaults:2: 1902 daAuts
Spider:1: 1695 daAuts
    D:10: 1664 daAuts
     D:1: 1649 daAuts
Vaults:1: 1594 daAuts
     D:4: 1571 daAuts
   Elf:3: 1547 daAuts
Shoals:2: 1414 daAuts
  Lair:3: 1383 daAuts
   Elf:2: 1362 daAuts
   Orc:2: 1355 daAuts
    D:14: 1352 daAuts
